 Dungeon Crawl Stone Soup version 0.30-a0-883-g5ad918d77d (webtiles) character file.

Game seed: 17795409433046729638

15 Firecrotchwizard the Slasher (level 2, 0/19 HPs)
             Began as a Tengu Berserker on Mar 17, 2023.
             Was a Follower of Trog.
             Slain by an endoplasm (2 damage)
             ... on level 1 of the Dungeon.
             The game lasted 00:00:54 (376 turns).

Firecrotchwizard the Slasher (Tengu Berserker)       Turns: 376, Time: 00:00:54

Health: 0/19       AC:  2    Str: 17    XL:     2   Next: 50%
Magic:  3/3        EV:  9    Int:  7    God:    Trog [*.....]
Gold:   49         SH:  0    Dex: 13    Spells: 1/1 levels left

rFire   . . .      SeeInvis .    a - +0 falchion
rCold   . . .      Faith    .    (no shield)
rNeg    . . .      Spirit   .    b - +0 animal skin
rPois   .          Reflect  .    (helmet restricted)
rElec   .          Rampage  .    (no cloak)
rCorr   .                        (no gloves)
Will    .....                    (boots unavailable)
Stlth   +                        (no amulet)
HPRegen 0.23/turn                (no ring)
MPRegen 0.08/turn                (no ring)

@: constricted
A: beak, talons 3
a: Renounce Religion, Berserk


You were on level 1 of the Dungeon.
You worshipped Trog.
Trog was aware of your devotion.
You visited 1 branch of the dungeon, and saw 1 of its levels.

You collected 49 gold pieces.

Inventory:

Hand Weapons
 a - a +0 falchion (weapon)
Armour
 b - a +0 animal skin (worn)
 d - a +0 ring mail
   (You found it on level 1 of the Dungeon)
Scrolls
 c - a scroll of identify {unknown}


   Skills:
 + Level 3.1 Fighting
 * Level 3.6 Long Blades
 + Level 2.4 Armour
 + Level 2.4 Dodging


You had one spell level left.
You didn't know any spells.
Your spell library was empty.

Dungeon Overview and Level Annotations

Branches:
Dungeon (1/15)

Altars:


Innate Abilities, Weirdness & Mutations

You have a beak for a mouth.
You have claws for feet.


Message History

You are frozen.
You take 1 damage, and have 13/19 hp.
You hit the endoplasm but do no damage. You claw the endoplasm.
You kill the endoplasm!
Trog accepts your kill.
You barely miss the rat. You peck the rat.
You kill the rat!
Trog accepts your kill.
A goblin and a frilled lizard come into view.
The frilled lizard hisses angrily.
Health restored: 19 A giant cockroach comes into view.
The frilled lizard attacks as you move away!
The frilled lizard closely misses you.
The frilled lizard attacks as you move away!
The frilled lizard closely misses you. The frilled lizard bites you.
You take 2 damage, and have 17/19 hp.
The frilled lizard attacks as you move away!
The frilled lizard bites you.
You take 2 damage, and have 15/19 hp.
You hit the frilled lizard.
You kill the frilled lizard!
Trog accepts your kill.
You closely miss the goblin. You peck the goblin.
The goblin hits you with a +0 club.
You take 1 damage, and have 15/19 hp.
You barely miss the goblin. You claw the goblin.
You kill the goblin!
Trog accepts your kill.
Things that are here:
a +0 club; a goblin corpse Health restored: 19 The giant cockroach closely misses you.
You hit the giant cockroach but do no damage.
You claw the giant cockroach.
You kill the giant cockroach!
Trog accepts your kill.
You now have 49 gold pieces (gained 14).
A ball python comes into view.
Found a stone staircase leading down.
You see here a +0 ring mail.
d - a +0 ring mail The ball python hisses angrily.
A goblin comes into view. It is wielding a +0 dagger.
The goblin shouts!
A ball python comes into view.
The ball python hisses angrily.
You hit the ball python but do no damage.
Your kick misses the ball python. You peck the ball python.
The ball python barely misses you. The ball python closely misses you.
An endoplasm comes into view.
You closely miss the ball python.
The endoplasm quivers.
The ball python closely misses you. The ball python misses you.
The ball python closely misses you. The ball python grabs you.
The ball python constricts you.
You take 1 damage, and have 18/19 hp.
You escape the ball python's grasp.
The ball python attacks as you move away!
The ball python closely misses you. The ball python barely misses you.
Health restored: 19 You slash the ball python!
You kill the ball python!
Trog accepts your kill. The goblin hits you but does no damage.
The ball python barely misses you. x2
You hit the goblin. You peck the goblin, but do no damage.
The ball python bites you. The ball python grabs you.
The ball python constricts you. The goblin hits you with a +0 dagger.
You take 6 damage, and have 13/19 hp.
MASSIVE DAMAGE!!
You escape the ball python's grasp.
You closely miss the goblin. The goblin hits you with a +0 dagger.
You take 2 damage, and have 12/19 hp.
You hit the goblin but do no damage. The goblin barely misses you.
You hit the goblin.
You kill the goblin!
Trog accepts your kill. The endoplasm barely misses you.
The ball python bites you. The ball python grabs you.
The ball python constricts you.
You take 3 damage, and have 9/19 hp.
You hit the endoplasm. The endoplasm freezes you.
You are frozen.
The ball python bites you. The ball python constricts you.
* * * LOW HITPOINT WARNING * * *
You take 4 damage, and have 5/19 hp.
MASSIVE DAMAGE!!
You barely miss the endoplasm. The ball python bites you.
* * * LOW HITPOINT WARNING * * *
The ball python constricts you.
* * * LOW HITPOINT WARNING * * *
The endoplasm barely misses you.
The ball python bites you but does no damage.
The ball python constricts you.
* * * LOW HITPOINT WARNING * * *
The endoplasm hits you.
You die...

...........# ........)
...........# .........
...........# .........
...........# ...#####.
...........# #######+#####+
...........###.............
........J....#.............
######...#S#.+.............
###.#@###.............
#######.J.....######..†.#.
#....................##.##
#..........##.#########.#
#.............)....†....#
#..........#####.########
#..........###..#..###
#..........#..#...#..#
#...........#...#...#...


You could see an endoplasm and a ball python.

Vanquished Creatures
  A ball python (D:1)
  An endoplasm (D:1)
  A giant cockroach (D:1)
  4 goblins (D:1)
  A hobgoblin (D:1)
  2 quokkas (D:1)
  2 frilled lizards (D:1)
  A rat (D:1)
13 creatures vanquished.

Notes
Turn   | Place    | Note
-------+----------+-------------------------------------------
     0 | D:1      | Firecrotchwizard the Tengu Berserker began the quest for
                  | the Orb.
     0 | D:1      | Reached XP level 1. HP: 14/14 MP: 2/2
   229 | D:1      | Reached XP level 2. HP: 9/19 MP: 3/3
   376 | D:1      | HP: 4/19 [ball python (1)]
   376 | D:1      | Slain by an endoplasm

Illustrated notes

Levels and vault maps discovered:
D:1:      kilobyte_arrival_exit_the_forest, layout_basic,
          ebering_ecumenical_altar_box, hex_large

Action                     || total
---------------------------++-------
  Melee: Falchion          ||    37
         Kick              ||     6
         Peck              ||     5
   Stab: Sleeping          ||     1
 Armour: Animal skin       ||     3
  Dodge: Dodged            ||    26

Table legend: (Time is in decaauts)
 A = Elapsed time spent in this place.
 B = Non-inter-level travel time spent in this place.
 C = Inter-level travel time spent in this place.
 D = Time resting spent in this place.
 E = Time spent auto-exploring this place.
 F = Levels seen in this place.
 G = Mean time per level.
                   A        B        C        D        E       F      G
               +--------+--------+--------+--------+--------+-----+--------+
         Total |    381 |    381 |      0 |      0 |    265 |   1 |  381.0 |
       Dungeon |    381 |    381 |      0 |      0 |    265 |   1 |  381.0 |
               +--------+--------+--------+--------+--------+-----+--------+

Top non-repeatable levels by time:
     D:1: 381 daAuts

Table legend:
 A = Kills in this place as a percentage of kills in the entire game.
 B = Kills by you in this place as a percentage of kills by you in the entire game.
 C = Kills by friends in this place as a percentage of kills by friends in the entire game.
 D = Other kills in this place as a percentage of other kills in the entire game.
 E = Experience gained in this place as a percentage of experience gained in the entire game.
 F = Experience gained in this place divided by the number of levels of this place that you have seen.
                   A       B       C       D       E      F
               +-------+-------+-------+-------+-------+----------------------
         Total | 100.0 | 100.0 |   N/A |   N/A | 100.0 |  22.0
       Dungeon | 100.0 | 100.0 |   N/A |   N/A | 100.0 |  22.0
               +-------+-------+-------+-------+-------+----------------------
